 Dungeon Crawl Stone Soup version 0.20-a0-1050-g57248f3 (webtiles) character file.

3 Goblin1989 the Chopper (level 1, 0/18 HPs)
             Began as a Hill Orc Gladiator on Apr 25, 2017.
             Slain by a jackal (3 damage)
             ... on level 1 of the Dungeon.
             The game lasted 00:00:22 (121 turns).

Goblin1989 the Chopper (Hill Orc Gladiator)          Turns: 121, Time: 00:00:23

Health: 0/18       AC:  4    Str: 16    XL:     1   Next: 50%
Magic:  1/1        EV: 12    Int:  8    God:
Gold:   16         SH:  0    Dex: 12    Spells: 0/0 levels left

rFire    . . .     SeeInvis .   a - +0 war axe
rCold    . . .     Gourm    .   (no shield)
rNeg     . . .     Faith    .   b - +0 leather armour
rPois    .         Spirit   .   c - +0 helmet
rElec    .         Reflect  .   (no cloak)
rCorr    .         Harm     .   (no gloves)
MR       .....                  (no boots)
Stlth    +.........             (no amulet)
Regen    0.1/turn               (no ring)
MPRegen  0.1/turn               (no ring)

@: no status effects
A: no striking features
a: no special abilities


You were on level 1 of the Dungeon.
You were not hungry.

You visited 1 branch of the dungeon, and saw 1 of its levels.

You collected 16 gold pieces.

Inventory:

Hand Weapons
 a - a +0 war axe (weapon)
Missiles
 Z - 3 throwing nets {!d, =f}
Armour
 b - a +0 leather armour (worn)
 c - a +0 helmet (worn)
Potions
 d - a potion of resistance {unknown}
Comestibles
 e - a bread ration {@e1}


   Skills:
 - Level 2.4 Fighting
 + Level 4.3 Axes
 - Level 1.7 Throwing
 - Level 2.4 Dodging


You couldn't memorise any spells.
You didn't know any spells.

Dungeon Overview and Level Annotations

Branches:
Dungeon (1/15)

Altars:


Message History

Health restored: 18 You barely miss the ball python.
The ball python bites you. The ball python grabs you.
The ball python constricts you.
You take 2 damage, and have 16/18 hp.
You hit the ball python.
You kill the ball python!
No target in view!
No target in view!
No target in view!
No target in view!
No target in view!
No target in view!
No target in view!
No target in view! 2 jackals come into view.
Health restored: 18
There are monsters nearby!
The jackal barks!
A jackal comes into view.
The jackal bites you. x2
You take 4 damage, and have 14/18 hp.
MASSIVE DAMAGE!!
You barely miss the jackal. x2; The jackal misses you.
The jackal bites you. x2
You take 4 damage, and have 10/18 hp.
MASSIVE DAMAGE!!
You are too injured to fight recklessly!
You are too injured to fight recklessly!
You are too injured to fight recklessly!
You are too injured to fight recklessly!
You are too injured to fight recklessly!
You are too injured to fight recklessly!
You are too injured to fight recklessly!
You are too injured to fight recklessly!
You are too injured to fight recklessly!
You are too injured to fight recklessly!
You are too injured to fight recklessly!
Unknown command.
You hit the jackal.
The jackal is almost dead.
The jackal bites you.
You take 1 damage, and have 9/18 hp.
You barely miss the jackal.
The jackal is almost dead.
The jackal bites you but does no damage. x2
You barely miss the jackal.
The jackal is almost dead.
The jackal misses you.
You barely miss the jackal.
The jackal is almost dead.
The jackal closely misses you. The jackal misses you.
You closely miss the jackal.
The jackal is almost dead.
The jackal bites you but does no damage.
The jackal closely misses you.
You barely miss the jackal.
The jackal is almost dead.
The jackal bites you but does no damage.
The jackal closely misses you.
You closely miss the jackal.
The jackal is almost dead.
The jackal barely misses you. The jackal bites you.
You take 1 damage, and have 9/18 hp.
You barely miss the jackal.
The jackal is almost dead.
The jackal bites you.
* * * LOW HITPOINT WARNING * * *
You take 3 damage, and have 6/18 hp.
You barely miss the jackal.
The jackal is almost dead.
The jackal bites you but does no damage. x2
You hit the jackal but do no damage.
The jackal is almost dead.
The jackal bites you.
* * * LOW HITPOINT WARNING * * *
The jackal closely misses you.
You take 1 damage, and have 5/18 hp.
You barely miss the jackal.
The jackal is almost dead.
The jackal bites you but does no damage. x2
You closely miss the jackal.
The jackal is almost dead.
The jackal misses you.
The jackal bites you but does no damage.
You barely miss the jackal.
The jackal is almost dead.
The jackal bites you.
* * * LOW HITPOINT WARNING * * *
You take 1 damage, and have 4/18 hp.
You barely miss the jackal.
The jackal is almost dead.
The jackal barely misses you.
The jackal bites you but does no damage.
Your leather armour prevents you from hitting the jackal.
The jackal is almost dead.
The jackal barely misses you. The jackal bites you.
* * * LOW HITPOINT WARNING * * *
You take 1 damage, and have 3/18 hp.
You barely miss the jackal.
The jackal is severely wounded.
The jackal barely misses you. The jackal bites you.
You die...

█.█ █ █ █.█ █
█. █.█ ▲ ██.█
█.█ █ ██...█
█.████ █ █.....
█.██.██ █
█....h███.....█
▲
█....hh@...█.█
█.█ █
██...█████.█.█
█.█ █ █..
█.█.█████ █.█
█. █.......█
█.█ ..
█...███.█ █.█.█
██ █...█ █.█
█.█.. █...█ █.█
█.███
█.(.███.███.███
...............


You could see 3 jackals.

Vanquished Creatures
  A ball python (D:1)
  A frilled lizard (D:1)
  A kobold (D:1)
  A rat (D:1)
4 creatures vanquished.

Notes
Turn   | Place    | Note
-------+----------+-------------------------------------------
     0 | D:1      | Goblin1989 the Hill Orc Gladiator began the quest for the Orb.
     0 | D:1      | Reached XP level 1. HP: 18/18 MP: 1/1
   121 | D:1      | Slain by a jackal

Vault maps used:
D:1:      minmay_arrival_up_and_down

Action                   || total
-------------------------++-------
Melee: War axe           ||    29
Armor: Leather armour    ||    12
Dodge: Dodged            ||    20

Vault maps used:
D:1:      minmay_arrival_up_and_down
